 Dungeon Crawl Stone Soup version 0.17-a0-1393-gcb420ff (webtiles) character file.

60 bal the Skirmisher (level 3, -1/33 HPs)
             Began as a Draconian Chaos Knight on June 16, 2015.
             Slain by an orc (2 damage)
             ... on level 3 of the Dungeon.
             The game lasted 00:02:52 (1487 turns).

bal the Skirmisher (Draconian Chaos Knight)         Turns: 1487, Time: 00:02:52

Health: -1/33      AC:  5    Str: 15    XL:     3   Next: 82%
Magic:  3/3        EV: 12    Int: 12    God:    Xom [..*...]
Gold:   120        SH:  0    Dex: 10    Spells: 0 memorised, 2 levels left

rFire  . . .     SeeInvis .     a - +0 hand axe (chaos)
rCold  . . .     Clarity  .     (armour unavailable)
rNeg   . . .     SustAt   .     (no shield)
rPois  .         Gourm    .     (helmet restricted)
rElec  .         Spirit   .     (no cloak)
rCorr  .         Warding  .     (no gloves)
rMut   .         Stasis   .     (no boots)
MR     .....                    (no amulet)
Stlth  +.........               (no ring)
                                (no ring)

@: not resistant to hostile enchantments, very unstealthy
A: unfitting armour, cold-blooded, AC +5
a: Renounce Religion


You were on level 3 of the Dungeon.
You worshipped Xom.
You were a toy of Xom.
You were not hungry.

You visited 1 branch of the dungeon, and saw 3 of its levels.

You collected 120 gold pieces.

Inventory:

Hand weapons
 a - a +0 hand axe of chaos (weapon)
 l - a +0 hunting sling
Scrolls
 g - a scroll of enchant weapon {unknown}
 h - a scroll of remove curse {unknown}
 i - a scroll of blinking {unknown}
 k - 2 scrolls of identify {unknown}
Potions
 c - a potion of berserk rage {unknown}
 e - a potion of brilliance {unknown}
 j - a potion of haste {unknown}
 n - a potion of cancellation {unknown}
 o - a potion of agility {unknown}
Comestibles
 b - a bread ration
 d - a slice of pizza
 f - 5 fruits
 m - a beef jerky
 p - a meat ration


   Skills:
 + Level 4.2 Fighting
 + Level 3.7 Axes
 + Level 2.5 Dodging
 + Level 0.2 Stealth


You had 2 spell levels left.
You didn't know any spells.

Dungeon Overview and Level Annotations

Branches:
Dungeon (3/15)

Altars:
Nemelex Xobeh


Innate Abilities, Weirdness & Mutations

Your plain brown scales are hard (AC +5).
Your body does not fit into most forms of armour.
You are cold-blooded and may be slowed by cold attacks.


Message History

* * * LOW HITPOINT WARNING * * *
The orc hits you with a short sword.
* * * LOW HITPOINT WARNING * * *
You hit the orc but do no damage.
The orc is almost dead.
The orc hits you but does no damage.
You closely miss the orc.
The orc is almost dead.
The orc closely misses you.
You hit the orc. You freeze the orc.
You kill the orc!
You closely miss the orc. The orc barely misses you.
You hit the orc but do no damage.
The orc is poisoned.
You tail-slap the orc, but do no damage.
The orc hits you.
* * * LOW HITPOINT WARNING * * *
The orc barely misses you.
You barely miss the orc. The orc hits you.
You die... "It's all fun and games until someone loses an eye."

### #................#
#..........#.....#
#..........#.....# #####
#..........#.....#......
#......... #.........#
###.###.. #.#........#
#.#)#......#
#o#.#......#
#@#.#.####.# #.#.#.# .#
#.#.#.# # #.#.#.# #.#.#
... #.# ...


You could see an orc.

Vanquished Creatures
  3 adders (D:2)
  A worm (D:2)
  3 orcs (D:3)
  3 bats
  2 goblins
  8 hobgoblins
  3 giant newts
  3 kobolds
  2 rats
28 creatures vanquished.

Notes
Turn   | Place    | Note
--------------------------------------------------------------
     0 | D:1      | bal the Draconian Chaos Knight began the quest for the Orb.
     0 | D:1      | Reached XP level 1. HP: 19/19 MP: 1/1
   203 | D:1      | Reached XP level 2. HP: 16/26 MP: 2/2
   310 | D:1      | XOM: harmless Pois miscast
   322 | D:1      | Found a sparkling altar of Nemelex Xobeh.
   617 | D:1      | XOM: divination: detect creatures
   933 | D:2      | Reached skill level 4 in Fighting
   933 | D:2      | Reached XP level 3. HP: 29/33 MP: 3/3
   938 | D:2      | XOM: divination: detect creatures
  1001 | D:2      | XOM: silly message
  1297 | D:2      | XOM: harmless Trmt miscast
  1481 | D:3      | HP: 1/33 [orc/short sword (4)]
  1486 | D:3      | HP: 1/33 [orc (1)]
  1487 | D:3      | Slain by an orc

Vault maps used:
D:1:      dpeg_arrival_shrine, glass_columns_c, serial_park_tiny_pond,
          nemelex_altar_shiori
D:3:      first_bread, uniq_jessica

Action                   || total
-------------------------++-------
Melee: Hand axe          ||    85
 Stab: Paralysed         ||     1
  Eat: Chunk             ||     2
